 Dungeon Crawl Stone Soup version 0.25-a0-308-geac79542e2 (webtiles) character file.

Game seed: 7157483168958461299, levelgen mode: deterministic

19270 RedPan the Grappler (level 12, -2/126 HPs)
             Began as a Troll Monk on Dec 22, 2019.
             Was a Follower of Ru.
             Slain by a ten-headed hydra (5 damage)
             ... on level 1 of the Lair of Beasts.
             The game lasted 00:23:29 (9711 turns).

RedPan the Grappler (Troll Monk)                    Turns: 9711, Time: 00:23:30

Health: -2/126     AC: 14    Str: 31    XL:     12   Next: 35%
Magic:  11/11      EV: 11    Int:  4    God:    Ru [*.....]
Gold:   243        SH:  0    Dex: 12    Spells: 11/11 levels left

rFire    + . .     SeeInvis +     - Unarmed
rCold    . . .     Gourm    +   (no shield)
rNeg     . . .     Faith    .   x - +2 robe {rF+}
rPois    .         Spirit   .   a - +1 hat {SInv}
rElec    .         Reflect  .   C - +0 cloak
rCorr    .         Harm     .   (gloves unavailable)
MR       .....                  (boots unavailable)
Stlth    ..........             (no amulet)
HPRegen  0.71/turn              o - +3 ring of protection
MPRegen  0.12/turn              r - +5 ring of strength

@: no status effects
A: large, unfitting armour, claws 3, dopey 1, fast metabolism 3, gourmand,
regeneration 1, shaggy fur 1, tough skin 3, no stealth
a: Renounce Religion


You were on level 1 of the Lair of Beasts.
You worshipped Ru.
Ru was aware of your devotion.
You were completely stuffed.

You visited 3 branches of the dungeon, and saw 13 of its levels.
You also visited: Sewer.

You collected 589 gold pieces.
You spent 346 gold pieces at shops.

Inventory:

Armour
 a - a +1 hat of see invisible (worn)
 v - a +2 robe of positive energy
 x - a +2 robe of fire resistance (worn)
 A - a +0 shield of protection
 C - a +0 cloak (worn)
Jewellery
 o - a +3 ring of protection (left claw)
 q - an uncursed ring of see invisible
 r - a +5 ring of strength (right claw)
 w - an uncursed ring of protection from cold
 F - an uncursed ring of protection from cold
Wands
 f - a wand of random effects (54)
 j - a wand of acid (13)
 m - a wand of polymorph (9)
Scrolls
 e - 4 scrolls of fog
 g - 2 scrolls of enchant weapon
 h - 2 scrolls of enchant armour
 t - 4 scrolls of amnesia
 u - 3 scrolls of magic mapping
 y - 5 scrolls of teleportation
 z - a scroll of remove curse
 G - a scroll of fear
Potions
 c - 3 potions of haste
 i - 3 potions of brilliance
 k - 3 potions of might
 l - 8 potions of curing
 n - a potion of mutation
 p - a potion of cancellation
 s - 5 potions of magic
 B - a potion of flight {unknown}
Comestibles
 b - 27 rations


   Skills:
 + Level 9.8 Fighting
 + Level 7.7 Armour
 - Level 4.0 Dodging
 + Level 14.7 Unarmed Combat


You had 11 spell levels left.
You didn't know any spells.
Your spell library contained the following spells:

 Spells                   Type           Power        Failure   Level  Hunger
 Foxfire                  Conj/Fire      #...         50%         1    ##.....
 Freeze                   Ice            #...         50%         1    ##.....
 Magic Dart               Conj           #...         50%         1    ##.....
 Pain                     Necr           #...         50%         1    ##.....
 Shock                    Conj/Air       #...         50%         1    ##.....
 Poisonous Vapours        Pois/Air       #.....       65%         2    ###....
 Conjure Flame            Conj/Fire      #.......     86%         3    ####...
 Inner Flame              Hex/Fire       #.......     86%         3    ####...
 Mephitic Cloud           Conj/Pois/Air  #.......     86%         3    ####...
 Sticky Flame             Conj/Fire      #.......     99%         4    #####..
 Fireball                 Conj/Fire      #.........   100%        5    ######.
 Freezing Cloud           Conj/Ice/Air   #.........   100%        6    #######
 Ring of Flames           Chrm/Fire      #.........   100%        7    #######


Dungeon Overview and Level Annotations

Branches:
Dungeon (11/15)            Temple (1/1) D:5            Lair (1/6) D:9
    Orc (0/2) D:10          Sewer (visited)

Altars:
Ashenzari
Cheibriados
Dithmenos
Elyvilon
Fedhas
Gozag
Hepliaklqana
Kikubaaqudgha
Makhleb
Nemelex Xobeh
Okawaru
Qazlal
Ru
Sif Muna
Trog
Uskayaw
Vehumet
Wu Jian
Xom
Yredelemnul
Zin
The Shining One

Shops:
D:4 =   D:7 (:[?   D:8 [

Annotations:
D:11 Maurice


Innate Abilities, Weirdness & Mutations

You are too large for most types of armour.
You have claws for hands.
You are dopey. (Int -2)
Your metabolism is lightning-fast.
You like to eat raw meat.
Your natural rate of healing is unusually fast.
You are covered in fur. (AC +1)
You have extremely tough skin. (AC +3)
You cannot be stealthy.


Message History

Evoke which item? (* to show all) (? for menu, Esc to quit)
Aiming: Corrosive Bolt
Press: ? - help, Shift-Dir - straight line, f - ten-headed hydra
Aim: a ten-headed hydra (severely wounded)
The bolt of acid hits the ten-headed hydra!
The ten-headed hydra is splashed with acid!
The ten-headed hydra is almost dead.
The ten-headed hydra bites you but does no damage.
The ten-headed hydra barely misses you. The ten-headed hydra bites you!
* * * LOW HITPOINT WARNING * * *
The ten-headed hydra bites you.
* * * LOW HITPOINT WARNING * * *
The ten-headed hydra barely misses you. The ten-headed hydra bites you!
* * * LOW HITPOINT WARNING * * *
The ten-headed hydra bites you.
* * * LOW HITPOINT WARNING * * *
The ten-headed hydra bites you!
* * * LOW HITPOINT WARNING * * *
The ten-headed hydra bites you.
You die...

##.................##.#...#
#..................#......D
#..................#.##...#
##.................#..#....
#............÷....#.......
#.................#.......
#...........>.....#.......
#........D........†.......
#........@........#....#.P
#######.P###.#...#........
#### ###...P........
#............ #............
#............ #............
#...#........ ....#........


You could see a ten-headed hydra.

Vanquished Creatures
  Gastronok (D:8)
  Harold (D:7)
  A hydra (Lair:1)
  2 two-headed ogres (D:10)
  Erica (D:9)
  The ghost of MoonlitKnight the Magician, a novice GnSk of Okawaru (D:8)
  3 spiny frogs (Lair:1)
  2 komodo dragons
  2 tengu conjurers (D:10)
  A troll (D:9)
  A hornet (D:10)
  4 blink frogs
  5 hippogriffs
  A wyvern (D:10)
  12 yaks
  A hungry ghost (D:7)
  2 soldier ants (D:9)
  2 water moccasins (Lair:1)
  A porcupine (Lair:1)
  3 sky beasts
  2 orc warriors
  2 ice beasts (D:10)
  3 phantoms
  2 ogres
  6 wolves
  4 centaurs
  2 crocodiles
  A big kobold (D:7)
  A gnoll sergeant (D:9)
  4 bullfrogs
  A wyvern zombie (D:8)
  A scorpion (D:9)
  26 killer bees
  2 howler monkeys
  3 crimson imps
  2 quasits (D:9)
  7 hounds
  6 jellies
  A centaur skeleton (D:4)
  4 orc priests
  11 orc wizards
  Crazy Yiuf (D:6)
  3 iguanas
  3 iron imps (D:8)
  Jessica (D:2)
  Ijyb (D:5)
  9 worker ants
  A hound zombie (D:7)
  A hound skeleton (D:10)
  2 worker ant zombies (D:8)
  13 adders
  16 gnolls
  2 howler monkey skeletons
  8 river rats (Sewer)
  A shadow imp (D:6)
  5 oozes
  An adder skeleton (D:7)
  5 worms
  A dart slug (D:4)
  6 leopard geckos
  28 orcs
  7 bats
  7 giant cockroaches
  8 goblins
  4 hobgoblins (D:1)
  7 jackals
  7 kobolds
  2 quokkas
  13 ball pythons
  7 frilled lizards
  A leopard gecko skeleton (D:8)
  2 quokka skeletons
  25 rats
336 creatures vanquished.

Vanquished Creatures (others)
  An orc (D:10)
1 creature vanquished.

Grand Total: 337 creatures vanquished

Notes
Turn   | Place    | Note
-------+----------+-------------------------------------------
     0 | D:1      | RedPan the Troll Monk began the quest for the Orb.
     0 | D:1      | Reached XP level 1. HP: 22/22 MP: 0/0
    39 | D:1      | Reached XP level 2. HP: 27/29 MP: 1/1
   436 | D:1      | Reached XP level 3. HP: 35/36 MP: 2/2
   789 | D:1      | Reached skill level 4 in Unarmed Combat
   970 | D:2      | Noticed Jessica
   977 | D:2      | Killed Jessica
   977 | D:2      | Reached XP level 4. HP: 45/45 MP: 3/3
  1730 | D:3      | Reached skill level 5 in Unarmed Combat
  1738 | D:3      | Reached XP level 5. HP: 52/53 MP: 4/4
  2232 | D:2      | Found a glowing golden altar of the Shining One.
  2346 | D:4      | Reached XP level 6. HP: 57/62 MP: 5/5
  2375 | D:4      | Reached skill level 6 in Unarmed Combat
  2827 | D:4      | Identified Hualyeq's Beginning Course on Sorcery
  3023 | D:4      | Found Cankamip's Jewellery Emporium.
  3029 | D:4      | Bought an uncursed ring of see invisible for 165 gold
                  | pieces
  3105 | D:5      | Entered Level 5 of the Dungeon
  3123 | D:5      | Reached skill level 7 in Unarmed Combat
  3123 | D:5      | Reached XP level 7. HP: 41/70 MP: 6/6
  3136 | D:5      | Found a glowing drain.
  3162 | Sewer    | Entered a sewer
  3427 | Sewer    | Reached skill level 8 in Unarmed Combat
  3567 | D:5      | Found a staircase to the Ecumenical Temple.
  3605 | D:5      | Noticed Ijyb
  3621 | D:5      | Killed Ijyb
  4180 | D:6      | Reached skill level 9 in Unarmed Combat
  4180 | D:6      | Reached XP level 8. HP: 78/78 MP: 7/7
  4332 | D:6      | Reached skill level 10 in Unarmed Combat
  4405 | Temple   | Entered the Ecumenical Temple
  4607 | Temple   | Became a worshipper of Ru the Awakened
  4618 | Temple   | Gained mutation: You are dopey. (Int -2) [Ru sacrifice]
  4680 | D:6      | Found a shadowy altar of Dithmenos.
  4738 | D:6      | Found a white marble altar of Elyvilon.
  4883 | D:6      | Found a runed translucent door.
  4884 | D:6      | Noticed Crazy Yiuf
  5037 | D:6      | Killed Crazy Yiuf
  5098 | D:7      | Noticed a komodo dragon
  5104 | D:7      | Killed a komodo dragon
  5118 | D:7      | Reached skill level 11 in Unarmed Combat
  5203 | D:7      | Found Otiycw's Magic Scroll Boutique.
  5206 | D:7      | Bought a scroll of identify for 22 gold pieces
  5206 | D:7      | Bought a scroll of identify for 22 gold pieces
  5206 | D:7      | Bought a scroll of identify for 22 gold pieces
  5208 | D:7      | Reached skill level 12 in Unarmed Combat
  5208 | D:7      | Reached XP level 9. HP: 93/93 MP: 8/8
  5273 | D:7      | Reached skill level 13 in Unarmed Combat
  5303 | D:7      | Reached XP level 10. HP: 102/102 MP: 9/9
  5485 | D:7      | Found Soic's Weapon Shop.
  5564 | D:7      | Found Biagot's Book Shop.
  5632 | D:7      | Found Garph's Armour Boutique.
  5646 | D:7      | Noticed Harold
  5663 | D:7      | Killed Harold
  6233 | D:8      | Found Foiw's Armour Boutique.
  6273 | D:8      | Found a runed translucent gate.
  6276 | D:8      | Found a runed translucent gate.
  6277 | D:8      | Found a runed translucent gate.
  6277 | D:8      | Found an opulent altar of Gozag.
  6278 | D:8      | Noticed MoonlitKnight's ghost (novice GnSk)
  6349 | D:8      | Found a burning altar of Makhleb.
  6493 | D:8      | Reached skill level 5 in Armour
  6533 | D:8      | Noticed Gastronok
  6551 | D:8      | Killed Gastronok
  6800 | D:8      | Killed MoonlitKnight's ghost
  6800 | D:8      | Reached XP level 11. HP: 105/113 MP: 10/10
  6862 | D:8      | Gained mutation: You cannot be stealthy. [Ru sacrifice]
  6862 | D:8      | Reached * piety under Ru
  7080 | D:9      | Found a shadowy altar of Dithmenos.
  7080 | D:9      | Found an ancient bone altar of Kikubaaqudgha.
  7138 | D:9      | Noticed Erica
  7142 | D:9      | Found a hide-covered altar of Uskayaw.
  7149 | D:9      | Killed Erica
  7316 | D:9      | Reached skill level 14 in Unarmed Combat
  7505 | D:9      | Found a staircase to the Lair.
  7767 | D:10     | Entered Level 10 of the Dungeon
  7777 | D:10     | Found a staircase to the Orcish Mines.
  8352 | D:10     | Noticed a two-headed ogre
  8356 | D:10     | Killed a two-headed ogre
  8671 | D:10     | Noticed a two-headed ogre
  8679 | D:10     | Killed a two-headed ogre
  8751 | D:11     | Noticed Maurice
  8814 | Lair:1   | Entered Level 1 of the Lair of Beasts
  9036 | D:7      | Bought a +0 shield of protection for 115 gold pieces
  9121 | D:9      | Reached XP level 12. HP: 107/123 MP: 11/11
  9542 | Lair:1   | Noticed a five-headed hydra
  9557 | Lair:1   | Killed a ten-headed hydra
  9564 | Lair:1   | Noticed a seven-headed hydra
  9711 | Lair:1   | HP: 3/126 [ten-headed hydra (8)]
  9711 | Lair:1   | Slain by a ten-headed hydra

Levels and vault maps discovered:
D:1:      psy_arrival_terrarium, layout_basic
D:2:      layout_basic, nicolae_overflow_hidden_temple, uniq_jessica
D:3:      layout_basic
D:4:      wad_pebble_path, layout_loops_ring, serial_shops, shop_statue,
          first_ration
D:5:      layout_basic, minmay_temple_entry_from_below_a,
          cheibrodos_sewer_entry_sluice, uniq_ijyb
D:6:      layout_cave_pools, kennysheep_little_box, grunt_dithmenos_smoke,
          uniq_crazy_yiuf_cottage
D:7:      layout_basic, serial_shops, shop, kennysheep_mini_moat,
          nicolae_shop_stone, nicolae_shop_waterfront, uniq_harold
D:8:      layout_basic, demons_altar, ebering_ghost_gozag, serial_shops, shop,
          uniq_gastronok
D:9:      layout_cross, eat_drink_and_be_merry_uskayaw,
          grunt_temple_overflow_open, lair_entry_dummy,
          hangedman_pestilent_swarm, minmay_misc_feat_diagonals, uniq_erica
D:10:     layout_stronghold, orc_0_dummy
D:11:     layout_basic, minmay_misc_feat_plants, laboratory, uniq_maurice
Temple:   eino_temple_rhombus
Lair:1:   layout_gridlike

Skill      XL: |  1  2  3  4  5  6  7  8  9 10 11 12 |
---------------+-------------------------------------+-----
Unarmed Combat | 4 5 7 9 12 13 14 | 14.7
Fighting       | 3 4 7 8 9 |  9.8
Armour         | 4 5 7 |  7.7
Stealth        | 0 |  0.0
Dodging        | 3 4 |  4.0

Action                   |  1- 3 |  4- 6 |  7- 9 | 10-12 || total
-------------------------+-------+-------+-------+-------++-------
Melee: Unarmed           |    94 |   162 |   241 |   434 ||   931
       Punch             |     2 |       |    11 |    40 ||    53
Invok: Sacrifice Purity  |       |       |     1 |       ||     1
       Sacrifice Stealth |       |       |       |     1 ||     1
       Reject Sacrifices |       |       |       |     1 ||     1
Evoke: Wand              |       |       |       |     5 ||     5
  Use: Scroll            |     3 |       |    15 |     4 ||    22
       Potion            |       |       |     1 |     4 ||     5
 Stab: Sleeping          |     4 |     1 |     1 |     2 ||     8
       Distracted        |       |     1 |       |       ||     1
  Eat: Chunk             |    14 |    18 |    21 |    44 ||    97
Armor: Robe              |    32 |    51 |   145 |   210 ||   438
Dodge: Dodged            |    55 |    73 |   162 |   275 ||   565

Table legend:
 A = Non-vault XP
 B = Vault XP
 C = Vault XP percentage of total XP
 D = Non-vault monster count
 E = Vault monster count
 F = Vault count percentage of total count
                 A         B        C        D         E       F
            +---------+---------+-------+---------+---------+-------
      Total |   18981 |    6113 |  24.4 |     269 |      67 |  19.9
            +---------+---------+-------+---------+---------+-------
        D:1 |      52 |       0 |   0.0 |      25 |       0 |   0.0
        D:2 |      53 |      37 |  41.1 |      18 |       1 |   5.3
        D:3 |     145 |       0 |   0.0 |      22 |       0 |   0.0
        D:4 |     381 |       0 |   0.0 |      13 |       0 |   0.0
        D:5 |     235 |      43 |  15.5 |      10 |       4 |  28.6
        D:6 |     692 |      39 |   5.3 |      17 |       1 |   5.6
        D:7 |    1992 |    1007 |  33.6 |      36 |       1 |   2.7
        D:8 |    1266 |    3301 |  72.3 |      26 |       7 |  21.2
        D:9 |    4106 |    1277 |  23.7 |      43 |       5 |  10.4
       D:10 |    5107 |       0 |   0.0 |      41 |       0 |   0.0
     Lair:1 |    4952 |       0 |   0.0 |      18 |       0 |   0.0
      Sewer |       0 |     409 | 100.0 |       0 |      48 | 100.0
            +---------+---------+-------+---------+---------+-------
